 Dungeon Sprint DCSS version 0.29-a0-414-g5075937ec3 (webtiles) character file.

Game seed: 9469614690834071658

4300000 Zeld the Intangible (level 23, -93/201 HPs)
             Began as a Djinni Monk on May 15, 2022.
             Was the Champion of Makhleb.
             Annihilated by a destroyer
             ... wielding a +9 vorpal great sword
              (104 damage)
             ... in the Dungeon (Sprint VIII: "Arena of Blood").
             The game lasted 00:01:07 (43 turns).

Zeld the Intangible (Djinni Monk)                     Turns: 43, Time: 00:01:08

Health: -93/201    AC:  3    Str: 18    XL:     23   Next: 81%
Gold:   0          EV: 28    Int: 15    God:    Makhleb [******] SH:  0 Dex: 16

rFire   + + .      SeeInvis .   h - +∞ Axe of Woe
rCold   x . .      Faith    .   (shield currently unavailable)
rNeg    . . .      Spirit   .   a - +0 robe
rPois   ∞          Reflect  .   (no helmet)
rElec   .          Harm     .   (no cloak)
rCorr   .          Rampage  .   (no gloves)
Will    ++...      NoTele   +   (boots unavailable)
Stlth   ++++++++++              (no amulet)
HPRegen 0.43/turn               (no ring)
MPRegen 0.00/turn               (no ring)

@: flying
A: sickness immunity, fire resistance 2, cold vulnerability 1, float, innate
caster, HP casting, extra vitality 1
a: Renounce Religion, Minor Destruction, Lesser Servant of Makhleb, Major
Destruction, Greater Servant of Makhleb


You were in the Dungeon.
You worshipped Makhleb.
Makhleb was exalted by your worship.
You visited 1 branch

Inventory:

Hand Weapons
 h - the +∞ Axe of Woe (weapon)
   (You found it in the Dungeon)
Armour
 a - a +0 robe (worn)
Scrolls
 g - a scroll of blinking
Potions
 b - a potion of ambrosia
 c - a potion of curing
 d - a potion of heal wounds
 e - a potion of haste
 f - a potion of berserk rage


   Skills:
 O Level 27 Fighting
 + Level 14.0(16.3) Short Blades
 + Level 14.0(16.3) Long Blades
 O Level 27 Axes
 + Level 12.9(22.7) Maces & Flails
 + Level 12.9(22.7) Polearms
 + Level 14.0(18.3) Staves
 + Level 12.9(15.1) Slings
 + Level 12.9 Bows
 + Level 12.9 Crossbows
 + Level 12.9(15.1) Throwing
 + Level 14.2 Armour
 O Level 27 Dodging
 O Level 27 Stealth
 + Level 14.2 Shields
 O Level 27 Unarmed Combat
 O Level 27 Spellcasting
 + Level 14.2 Invocations
 + Level 14.2 Evocations


You had 23 spell levels left.
You knew the following spells:

 Your Spells              Type           Power      Damage    Failure   Level
a - Summon Small Mammal   Summ           100%       N/A       0%          1
b - Call Imp              Summ           79%        N/A       0%          2
c - Scorch                Fire           100%       2d10      0%          2
d - Vampiric Draining     Necr           79%        2d11      0%          3
e - Fireball              Conj/Fire      39%        3d16      0%          5
f - Blade Hands           Tmut           39%        N/A       0%          5
g - Statue Form           Tmut/Erth      52%        N/A       0%          6
h - Summon Hydra          Summ           39%        N/A       1%          7
i - Orb of Destruction    Conj           39%        9d11      1%          7
j - Ignition              Fire           39%        3d12      1%          8
k - Dragon Form           Tmut           39%        N/A       1%          7
Your spell library was empty.

Dungeon Overview and Level Annotations

Branches:
Dungeon (1/1)

Altars:
Makhleb


Innate Abilities, Weirdness & Mutations

You are immune to sickness and miasma.
You are immune to poison.
Your flesh is very heat resistant. (rF++)
You are vulnerable to cold. (rC-)
You float through the air rather than walking.
You learn spells naturally, not from books.
Your magical power is your life essence.
You have superior vitality. (+4 MHP)


Message History

Makhleb accepts your kill.
You feel better.
You slice the meat berserker!!
You cleave the meat berserker in twain.
You kill the meat berserker!
Makhleb accepts your kill.
The tyrant appears out of thin air!
A tyrant comes into view.
You are engulfed in blazing flames.
You resist.
You hear a shout! x3
The destroyer casts a spell at you.
The destroyer blinks!
The destroyer points at you and mumbles some strange words.
The destroyer blinks!
You hear a shout!
The destroyer casts a spell at you.
The destroyer blinks!
You hear a shout! x2
Your base Short Blades skill gained 2 levels and is now at level 14!
Your base Long Blades skill gained 2 levels and is now at level 14!
Your base Maces & Flails skill increases to level 12!
Your base Polearms skill increases to level 12!
Your base Staves skill gained 2 levels and is now at level 14!
Your base Slings skill increases to level 12!
Your Bows skill increases to level 12!
Your Crossbows skill increases to level 12!
Your base Throwing skill increases to level 12!
Your Armour skill gained 2 levels and is now at level 14!
Your Shields skill gained 2 levels and is now at level 14!
Your Invocations skill gained 2 levels and is now at level 14!
Your Evocations skill gained 2 levels and is now at level 14!
Unknown command.
Unknown command.
A destroyer comes into view. It is wielding a +9 vorpal great sword.
The destroyer shouts!
You hear a shout!
The large bag of meat hits you with a +9 giant spiked club!!!! x2
* * * LOW HITPOINT WARNING * * *
You hear a shout! x5
The destroyer hits you with a +9 vorpal great sword!!!!
Ouch! That really hurt!
You die...

... .. #.. .L# .
#O. ..# ..###..
..###.
..o...O###.V....
......°)_.......
....#)§°).#....
. #§°§)_# .
#§§§@.#
....V._VO§§.
......###...z.°
.###.. ..###..
#.. .O# #z. ..#
.. V.. ....


You could see a tyrant, 4 destroyers, a sculptor of flesh, a large bag of meat
(inner flame), 3 meat berserkers and a bag of meat.

Vanquished Creatures
  5 vampire knights (D)
  15 ogres (D)
  2 two-headed ogres (D)
  21 orcs (D)
  2 skeletal warriors (D)
45 creatures vanquished.

Notes
Turn   | Place    | Note
-------+----------+-------------------------------------------
     0 | D        | Found the +∞ Axe of Woe
     0 | D        | Zeld the Djinni Monk began the quest for the Orb.
     0 | D        | Reached XP level 1. HP: 20/20 MP: 0/0
     2 | D        | Noticed a bag of meat
     4 | D        | Became a worshipper of Makhleb the Destroyer
     4 | D        | Reached * piety under Makhleb
     4 | D        | Reached ** piety under Makhleb
     5 | D        | Noticed a bag of meat
     6 | D        | Noticed a bag of meat
     7 | D        | Killed a bag of meat
     7 | D        | Noticed a meat berserker
     8 | D        | Reached skill level 5 in Stealth
     8 | D        | Reached XP level 2. HP: 40/40 MP: 0/0
     8 | D        | Reached XP level 3. HP: 45/45 MP: 0/0
     8 | D        | Learned a level 1 spell: Summon Small Mammal
     8 | D        | Reached XP level 4. HP: 51/51 MP: 0/0
     8 | D        | Reached XP level 5. HP: 57/57 MP: 0/0
     8 | D        | Learned a level 2 spell: Call Imp
     8 | D        | Reached XP level 6. HP: 63/63 MP: 0/0
     8 | D        | Reached XP level 7. HP: 68/68 MP: 0/0
     8 | D        | Learned a level 2 spell: Scorch
     8 | D        | Reached XP level 8. HP: 75/75 MP: 0/0
     8 | D        | Reached XP level 9. HP: 80/80 MP: 0/0
     8 | D        | Learned a level 3 spell: Vampiric Draining
     8 | D        | Reached XP level 10. HP: 86/86 MP: 0/0
     8 | D        | Reached XP level 11. HP: 92/92 MP: 0/0
     8 | D        | Learned a level 5 spell: Fireball
     8 | D        | Noticed a bag of meat
     9 | D        | Killed a bag of meat
     9 | D        | Noticed a meat berserker
     9 | D        | Noticed a meat berserker
     9 | D        | Noticed a meat berserker
     9 | D        | Noticed a bag of meat
    10 | D        | Reached skill level 15 in Fighting
    10 | D        | Reached skill level 15 in Unarmed Combat
    10 | D        | Reached skill level 10 in Spellcasting
    10 | D        | Reached XP level 12. HP: 103/103 MP: 0/0
    10 | D        | Killed a meat berserker
    10 | D        | Reached *** piety under Makhleb
    10 | D        | Noticed a meat berserker
    11 | D        | Reached XP level 13. HP: 113/113 MP: 0/0
    11 | D        | Learned a level 5 spell: Blade Hands
    11 | D        | Killed a meat berserker
    11 | D        | Noticed a meat berserker
    11 | D        | Noticed a meat berserker
    11 | D        | Noticed a bag of meat
    11 | D        | Noticed a meat berserker
    12 | D        | Reached XP level 14. HP: 40/123 MP: 0/0
    12 | D        | Killed a meat berserker
    12 | D        | Noticed a meat berserker
    13 | D        | Reached XP level 15. HP: 12/131 MP: 0/0
    13 | D        | Learned a level 6 spell: Statue Form
    13 | D        | Killed a meat berserker
    13 | D        | Reached **** piety under Makhleb
    13 | D        | Killed a meat berserker
    13 | D        | Killed a meat berserker
    13 | D        | Noticed a meat berserker
    13 | D        | Noticed a meat berserker
    14 | D        | Reached XP level 16. HP: 144/145 MP: 0/0
    14 | D        | Noticed a meat berserker
    15 | D        | Killed a meat berserker
    15 | D        | Reached ***** piety under Makhleb
    15 | D        | Killed a meat berserker
    16 | D        | Reached XP level 17. HP: 156/156 MP: 0/0
    16 | D        | Learned a level 7 spell: Summon Hydra
    16 | D        | Killed a meat berserker
    16 | D        | Killed a meat berserker
    17 | D        | Reached skill level 27 in Fighting
    17 | D        | Reached skill level 27 in Dodging
    17 | D        | Reached skill level 10 in Stealth
    17 | D        | Reached XP level 18. HP: 133/167 MP: 0/0
    17 | D        | Killed a meat berserker
    18 | D        | Reached skill level 27 in Unarmed Combat
    18 | D        | Killed a meat berserker
    18 | D        | Reached ****** piety under Makhleb
    19 | D        | Reached XP level 19. HP: 149/174 MP: 0/0
    19 | D        | Learned a level 7 spell: Orb of Destruction
    19 | D        | Noticed a large bag of meat
    22 | D        | Killed a large bag of meat
    23 | D        | Reached XP level 20. HP: 168/181 MP: 0/0
    23 | D        | Noticed a meat berserker
    24 | D        | Reached skill level 27 in Axes
    24 | D        | Reached skill level 27 in Spellcasting
    25 | D        | Noticed a large bag of meat
    27 | D        | Killed a meat berserker
    28 | D        | Reached XP level 21. HP: 187/187 MP: 0/0
    28 | D        | Learned a level 8 spell: Ignition
    29 | D        | Noticed a destroyer
    30 | D        | Noticed a destroyer
    31 | D        | Noticed a meat berserker
    32 | D        | Reached skill level 27 in Stealth
    33 | D        | Noticed a destroyer
    33 | D        | Noticed a destroyer
    34 | D        | Killed a meat berserker
    35 | D        | Reached skill level 5 in Maces & Flails
    35 | D        | Reached skill level 5 in Polearms
    35 | D        | Reached skill level 5 in Slings
    35 | D        | Reached skill level 5 in Bows
    35 | D        | Reached skill level 5 in Crossbows
    35 | D        | Reached skill level 5 in Throwing
    37 | D        | Reached XP level 22. HP: 194/194 MP: 0/0
    37 | D        | Noticed a destroyer
    37 | D        | Noticed a meat berserker
    37 | D        | Noticed a destroyer
    37 | D        | Noticed a destroyer
    38 | D        | Noticed a large bag of meat
    38 | D        | Noticed a large bag of meat
    39 | D        | Noticed a destroyer
    40 | D        | Noticed a meat berserker
    40 | D        | Killed a destroyer
    40 | D        | Killed a destroyer
    40 | D        | Killed a destroyer
    41 | D        | Reached skill level 10 in Maces & Flails
    41 | D        | Reached skill level 10 in Polearms
    41 | D        | Reached skill level 10 in Slings
    41 | D        | Reached skill level 10 in Bows
    41 | D        | Reached skill level 10 in Crossbows
    41 | D        | Reached skill level 10 in Throwing
    41 | D        | Killed a destroyer
    41 | D        | Killed a large bag of meat
    41 | D        | Noticed a meat berserker
    41 | D        | Noticed a meat berserker
    42 | D        | Reached XP level 23. HP: 185/201 MP: 0/0
    42 | D        | Learned a level 7 spell: Dragon Form
    42 | D        | Killed a destroyer
    43 | D        | Noticed a tyrant
    43 | D        | Noticed a destroyer
    43 | D        | Annihilated by a destroyer

Illustrated notes

Levels and vault maps discovered:
D:        meatsprint

Skill      XL: |  1  2  3  4  5  6  7  8  9 10 11 12 13 14 15 16 17 18 19 20 21 22 23 |
---------------+----------------------------------------------------------------------+-----
Fighting       | 13 15 17 19 20 23 25 27 | 27.0
Axes           | 3 4 6 7 8 11 14 17 22 25 27 | 27.0
Dodging        | 14 16 18 20 21 24 26 27 | 27.0
Stealth        | 5 6 7 8 9 10 12 13 25 27 | 27.0
Unarmed Combat | 13 15 17 18 19 22 24 26 27 | 27.0
Spellcasting   | 9 10 12 13 14 17 18 20 23 25 27 | 27.0
Short Blades   | 7 12 14 | 14.0
Long Blades    | 7 12 14 | 14.0
Maces & Flails | 6 11 12 | 12.9
Polearms       | 6 11 12 | 12.9
Staves         | 7 12 14 | 14.0
Slings         | 6 11 12 | 12.9
Bows           | 6 11 12 | 12.9
Crossbows      | 6 11 12 | 12.9
Throwing       | 6 11 12 | 12.9
Armour         | 7 12 14 | 14.2
Shields        | 7 12 14 | 14.2
Invocations    | 7 12 14 | 14.2
Evocations     | 7 12 14 | 14.2

Action                   |  1- 3 |  4- 6 |  7- 9 | 10-12 | 13-15 | 16-18 | 19-21 | 22-24 || total
-------------------------+-------+-------+-------+-------+-------+-------+-------+-------++-------
Melee: Executioner's axe |     1 |       |       |     2 |     3 |     5 |    11 |     3 ||    25
 Cast: Summon Hydra      |       |       |       |       |       |       |     1 |       ||     1
       Ignition          |       |       |       |       |       |       |     3 |     3 ||     6
Dodge: Dodged            |       |       |       |       |       |       |     1 |       ||     1

Table legend: (Time is in decaauts)
 A = Elapsed time spent in this place.
 B = Non-inter-level travel time spent in this place.
 C = Inter-level travel time spent in this place.
 D = Time resting spent in this place.
 E = Time spent auto-exploring this place.
 F = Levels seen in this place.
 G = Mean time per level.
                   A        B        C        D        E       F      G
               +--------+--------+--------+--------+--------+-----+--------+
         Total |     42 |     42 |      0 |      0 |      0 |   1 |   42.0 |
       Dungeon |     42 |     42 |      0 |      0 |      0 |   1 |   42.0 |
               +--------+--------+--------+--------+--------+-----+--------+

Top non-repeatable levels by time:
       D: 42 daAuts
